 Dungeon Sprint DCSS version 0.27.1-33-g824d729ab1 (webtiles) character file.

Game seed: 8349111981195791251

866 boopmooplesden the Carver (level 7, 0/71 HPs)
             Began as a Minotaur Fighter on Dec 16, 2021.
             Was an Initiate of Okawaru.
             Slain by Erica (4 damage)
             ... in the Dungeon (Sprint III: "The Ten Rune Challenge").
             The game lasted 00:02:36 (1334 turns).

boopmooplesden the Carver (Minotaur Fighter)        Turns: 1334, Time: 00:02:36

Health: 0/71       AC: 11    Str: 23    XL:     7   Next: 72%
Magic:  6/6        EV: 10    Int:  5    God:    Okawaru [......]
Gold:   13         SH: 12    Dex:  9    Spells: 6/6 levels left

rFire    . . .     SeeInvis .   a - +0 long sword (flame)
rCold    . . .     Faith    .   c - +0 kite shield
rNeg     . . .     Spirit   .   b - +0 scale mail
rPois    .         Reflect  .   (helmet restricted)
rElec    .         Harm     .   m - +1 cloak {Will+}
rCorr    .         Rampage  .   (no gloves)
Will     +....     NoTele   +   (no boots)
Stlth    ..........             (no amulet)
HPRegen  0.21/turn              (no ring)
MPRegen  0.10/turn              (no ring)

@: slowed, very slow
A: horns 2, retaliatory headbutt
a: Renounce Religion


You were in the Dungeon.
You worshipped Okawaru.
Okawaru was noncommittal.
You visited 1 branch You collected 13 gold pieces.

Inventory:

Hand Weapons
 a - a +0 long sword of flaming (weapon)
Armour
 b - a +0 scale mail (worn)
 c - a +0 kite shield (worn)
 m - a +1 cloak of willpower (worn)
Scrolls
 j - a scroll of blinking
 k - a scroll of enchant weapon {unknown}
 l - a scroll of fog {unknown}
 n - 2 scrolls of immolation
Potions
 g - a potion of haste
 h - 2 potions of magic
 i - a potion of berserk rage
 p - 2 potions of flight
 r - a potion of brilliance {unknown}
Miscellaneous
 d - a box of beasts


   Skills:
 + Level 9.9 Fighting
 + Level 11.3 Long Blades
 + Level 10.9 Armour
 + Level 2.9 Dodging
 + Level 1.0 Stealth
 + Level 9.8 Shields


You had 6 spell levels left.
You didn't know any spells.
Your spell library contained the following spells:

 Spells                   Type           Power      Damage    Failure   Level
 Sandblast                Erth           0%         2d4       91%         1
 Passwall                 Tmut/Erth      0%         N/A       97%         2
 Inner Flame              Hex/Fire       0%         N/A       100%        3
 Cause Fear               Hex            0%         N/A       100%        4
 Lee's Rapid Deconstruct  Erth           0%         3d5*      100%        5
 Discord                  Hex            0%         N/A       100%        8


Dungeon Overview and Level Annotations

Branches:
Dungeon (1/1)

Altars:
Cheibriados
Dithmenos
Fedhas
Gozag
Hepliaklqana
Kikubaaqudgha
Makhleb
Nemelex Xobeh
Okawaru
Qazlal
Ru
Sif Muna
Trog
Uskayaw
Vehumet
Wu Jian
Xom
Yredelemnul
Beogh
Jiyva
Lugonu

Annotations:
D Erica


Innate Abilities, Weirdness & Mutations

You have a pair of horns on your head.
You reflexively headbutt those who attack you in melee.


Message History

Erica casts a spell.
Erica flickers and vanishes!
Deactivating autopickup; reactivate with Ctrl-A.
You miss something. You headbutt something.
You hear some strange, mumbled words.
A bolt of poison appears from out of thin air!
The bolt of poison hits you!
You are poisoned.
* * * LOW HITPOINT WARNING * * *
You bump into the rock wall.
You feel very sick.
You hear some strange, mumbled words.
A lance of force appears from out of thin air!
The lance of force misses you. Something hits you.
* * * LOW HITPOINT WARNING * * *
Something burns you.
* * * LOW HITPOINT WARNING * * *
You barely miss something. You headbutt something.
You feel sick. Something hits you.
* * * LOW HITPOINT WARNING * * *
Something burns you.
* * * LOW HITPOINT WARNING * * *
You bump into the rock wall.
You feel sick. Something hits you but does no damage.
You hear some strange, mumbled words.
A bolt of poison appears from out of thin air!
The bolt of poison hits you.
You are lethally poisoned!
* * * LOW HITPOINT WARNING * * *
You feel better. Something hits you.
* * * LOW HITPOINT WARNING * * *
Something burns you.
* * * LOW HITPOINT WARNING * * *
You miss something. Something hits you but does no damage.
You hear some strange, mumbled words.
Something tries to affect you, but you resist.
You miss something. Something hits you!
* * * LOW HITPOINT WARNING * * *
Something burns you.
You die...

##.# ######## ##..#
#___#__# !#..#
#__)#._#
.#..###+#'###)##
'#..#..........#
#...'.⌠........#
#...#...######'#
....#.⌠.#__#...#+#####
....#...#__#...#@{§≈≈+
....#)###__#...#.#§≈≈#
....#...#__#...'.#§§§#
....#___#__'...#.#§§§#
▓▓▓▓▓▓▓▓▓▓▓▓▓▓▓▓▓▓▓▓▓▓


There were no monsters in sight!

Vanquished Creatures
  A shadow (D)
  A spatial vortex (D)
  A necrophage (D)
  A water elemental (D)
  A jelly (D)
  Crazy Yiuf (D)
  Jessica (D)
  A wizard (D)
  A necromancer (D)
  3 humans (D)
  A kobold demonologist (D)
  An endoplasm (D)
  2 rats (D)
16 creatures vanquished.

Notes
Turn   | Place    | Note
-------+----------+-------------------------------------------
     0 | D        | boopmooplesden the Minotaur Fighter began the quest for the
                  | Orb.
     0 | D        | Reached XP level 1. HP: 19/19 MP: 0/0
   106 | D        | Noticed Jessica
   109 | D        | Killed Jessica
   110 | D        | Reached skill level 5 in Fighting
   110 | D        | Reached skill level 3 in Long Blades
   110 | D        | Reached skill level 5 in Armour
   110 | D        | Reached skill level 5 in Shields
   110 | D        | Reached XP level 2. HP: 11/29 MP: 1/1
   110 | D        | Reached XP level 3. HP: 13/36 MP: 2/2
   271 | D        | Noticed Crazy Yiuf
   278 | D        | Killed Crazy Yiuf
   279 | D        | Reached skill level 4 in Long Blades
   294 | D        | Reached XP level 4. HP: 23/44 MP: 3/3
   443 | D        | Noticed a water elemental
   448 | D        | Killed a water elemental
   449 | D        | Reached skill level 5 in Long Blades
   562 | D        | Found a basalt altar of Yredelemnul.
   562 | D        | Found a shadowy altar of Dithmenos.
   562 | D        | Found a sacrificial altar of Ru.
   562 | D        | Noticed a necrophage
   568 | D        | Reached skill level 6 in Long Blades
   568 | D        | Reached XP level 5. HP: 23/52 MP: 4/4
   570 | D        | Killed a necrophage
   571 | D        | Reached skill level 7 in Long Blades
   745 | D        | Found a hide-covered altar of Uskayaw.
   745 | D        | Found an iron altar of Okawaru.
   745 | D        | Found a bloodstained altar of Trog.
   745 | D        | Found an ornate altar of the Wu Jian Council.
   745 | D        | Noticed a human
   746 | D        | Noticed a human
   750 | D        | Killed a human
   751 | D        | Reached skill level 8 in Long Blades
   751 | D        | Reached skill level 1 in Dodging
   751 | D        | Reached XP level 6. HP: 36/62 MP: 5/5
   758 | D        | Killed a human
   759 | D        | Reached skill level 9 in Long Blades
   759 | D        | Reached skill level 10 in Armour
   759 | D        | Reached XP level 7. HP: 44/70 MP: 6/6
   760 | D        | Became a worshipper of Warmaster Okawaru
   893 | D        | Found a radiant altar of Vehumet.
   893 | D        | Found a shimmering blue altar of Sif Muna.
   893 | D        | Found an ancient bone altar of Kikubaaqudgha.
   999 | D        | Noticed a shadow
  1004 | D        | Reached skill level 10 in Long Blades
  1007 | D        | Killed a shadow
  1008 | D        | Reached skill level 1 in Stealth
  1103 | D        | Found a blossoming altar of Fedhas.
  1103 | D        | Found a stormy altar of Qazlal.
  1104 | D        | Found a snail-covered altar of Cheibriados.
  1104 | D        | Found a burning altar of Makhleb.
  1104 | D        | Found a hazy altar of Hepliaklqana.
  1104 | D        | Found a shimmering altar of Xom.
  1104 | D        | Found an opulent altar of Gozag.
  1104 | D        | Found a sparkling altar of Nemelex Xobeh.
  1104 | D        | Found a corrupted altar of Lugonu.
  1104 | D        | Found a viscous altar of Jiyva.
  1104 | D        | Noticed a spatial vortex
  1124 | D        | Killed a spatial vortex
  1125 | D        | Reached skill level 11 in Long Blades
  1308 | D        | Noticed Erica
  1331 | D        | HP: 3/71 [something/bolt of poison (3)]
  1334 | D        | Slain by Erica

Illustrated notes

Levels and vault maps discovered:
D:        dungeon_sprint_mu [sprint_mu_entry_cave, sprint_mu_temple_rooms,
          sprint_mu_d1_horrors, sprint_mu_d2_genie, sprint_mu_d3_branching,
          sprint_mu_orc_legion, sprint_mu_elf_gauntlet, sprint_mu_hive_nellie,
          sprint_mu_lair_fedhas, sprint_mu_vaults_butterflies,
          sprint_mu_slime_circle, sprint_mu_shoals_kraken,
          sprint_mu_snake_twists, sprint_mu_blade_basic,
          sprint_mu_crypt_fortress, sprint_mu_tomb_spiral,
          sprint_mu_vestibule_basic, sprint_mu_gehenna_hellfire,
          sprint_mu_dis_giant, sprint_mu_tartarus_statrot,
          sprint_mu_cocytus_islands, sprint_mu_zot1]

Skill      XL: |  1  2  3  4  5  6  7 |
---------------+----------------------+-----
Fighting       | 5 6 7 8 9 |  9.9
Armour         | 5 6 7 9 10 | 10.9
Shields        | 5 6 7 8 9 |  9.8
Long Blades    | 3 4 6 8 9 11 | 11.3
Dodging        | 1 2 |  2.9
Stealth        | 1 |  1.0

Action                   |  1- 3 |  4- 6 |  7- 9 || total
-------------------------+-------+-------+-------++-------
Melee: Long sword        |    25 |    22 |    37 ||    84
       Headbutt          |     2 |     4 |     9 ||    15
  Use: Scroll            |       |     3 |       ||     3
       Potion            |       |     2 |     1 ||     3
Armor: Scale mail        |     4 |     5 |     6 ||    15
Dodge: Dodged            |     5 |    11 |     7 ||    23
Block: Kite shield       |    14 |    13 |     4 ||    31
       Rpst.: Long sword |       |     6 |     3 ||     9
